Panthers vs Jets

Created - Thursday, January 15, 2015 at 01:02

Goals
1 2 3 T
Panthers 1 1 0 2
Jets 3 5 2 10
Shots
1 2 3 T
Panthers 6 16 6 28
Jets 13 10 11 34

1st period

1. Jets , Tyler Myers 9 (Kyle Turris, Marcus Kruger) at 1:38
2. Jets , Danny DeKeyser 6 (John Tavares, Max Pacioretty) at 3:41
3. Panthers , Joe Colborne 5 (Paul Ranger, Jake Gardiner) at 14:32
4. Jets , Ryan Murray 3 (Alex Ovechkin) at 15:48

Penalties :
Nick Bjugstad (Wpg) for Hooking (Minor) at 6:48, Erik Johnson (Wpg) for Hooking (Minor) at 12:25

2nd period

5. Panthers , Alex Galchenyuk 16 (Jakob Silfverberg, Marco Scandella) at 2:12 (PP)
6. Jets , Wayne Simmonds 9 (Oliver Ekman-Larsson) at 4:39
7. Jets , Danny DeKeyser 7 (Alex Ovechkin) at 8:23 (PP)
8. Jets , Alex Ovechkin 18 (Erik Johnson, Frans Nielsen) at 8:43
9. Jets , Wayne Simmonds 10 (Erik Johnson, Alex Ovechkin) at 14:23
10. Jets , John Tavares 18 (Max Pacioretty) at 19:13

Penalties :
John Tavares (Wpg) for Elbowing (Minor) at 1:52, Paul Ranger (Fla) for Cross-checking (Minor) at 8:10, Simon Despres (Fla) for Roughing (Minor) at 15:52

3rd period

11. Jets , Wayne Simmonds 11 (Danny DeKeyser, Alex Ovechkin) at 13:20 (PP)
12. Jets , Oliver Ekman-Larsson 12 (Erik Johnson, John Tavares) at 17:10

Penalties :
Teemu Selanne (Wpg) for Hooking (Minor) at 6:48, Paul Ranger (Fla) for Slashing (Minor) at 11:44, John Tavares (Wpg) for Holding (Minor) at 18:57

Goalie Stats

Cal Heeter (Fla), 2 saves from 6 shots - (0.333), 14:34 minutes
Eddie Lack (Fla), 22 saves from 28 shots - (0.786), L, 3-5-0, 45:26 minutes
Tim Thomas (Wpg), 26 saves from 28 shots - (0.929), W, 4-2-0, 60:00 minutes

Players Stats for Panthers

Player Name              G  A  P  +/- PIM S  H  SB GA TA FO     MP     PP MP  PK MP  
------------------------------------------------------------------------------------
Adam Larsson             0  0  0  -1  0   0  0  0  0  0  0/0     7:14   3:00   0:00 
Alex Galchenyuk          1  0  1  -3  0   2  0  0  4  0  1/13   16:46   3:49   0:20 
Andrei Loktionov         0  0  0  -3  0   2  1  0  1  0  3/10   16:06   0:00   0:00 
Brad Boyes               0  0  0   0  0   2  2  0  2  0  0/0    19:53   3:02   2:58 
Calvin de Haan           0  0  0  -3  0   4  0  1  0  0  0/0    13:38   0:00   1:28 
Colin McDonald           0  0  0  -1  0   1  1  0  1  1  0/0     6:43   0:26   0:00 
David Booth              0  0  0  -1  0   0  1  0  1  0  0/0     7:33   0:26   0:50 
Dustin Penner            0  0  0  -3  0   1  4  0  2  0  0/0    20:04   3:51   0:00 
Jack Hillen              0  0  0  -1  0   1  1  1  0  2  0/0    16:47   0:00   0:00 
Jake Gardiner            0  1  1  -2  0   3  1  4  1  1  0/0    22:21   4:19   2:20 
Jakob Silfverberg        0  1  1  -3  0   4  1  0  4  0  0/0    20:04   3:51   0:00 
Joe Colborne             1  0  1  -2  0   2  2  0  1  0  0/1    14:57   0:06   2:13 
Marco Scandella          0  1  1  -3  0   2  1  3  0  1  0/0    26:35   4:19   2:20 
Mats Zuccarello          0  0  0   0  0   1  2  0  3  0  0/1    16:20   3:02   0:00 
Nino Niederreiter        0  0  0  -3  0   1  0  0  2  0  1/2    13:56   1:26   0:00 
Paul Ranger              0  1  1  -1  4   0  3  4  0  3  0/0    20:42   3:00   0:57 
Shawn Horcoff            0  0  0  -2  0   0  0  0  0  1  7/19   23:15   1:58   1:15 
Simon Despres            0  0  0  -3  2   2  0  0  1  0  0/0    13:15   0:00   0:31 

Players Stats for Jets

Player Name              G  A  P  +/- PIM S  H  SB GA TA FO     MP     PP MP  PK MP  
------------------------------------------------------------------------------------
Alex Ovechkin            1  4  5   3  0   5  2  0  2  0  0/0    16:16   1:52   1:29 
Colin Wilson             0  0  0   1  0   0  1  0  0  0  0/0     7:11   0:00   0:00 
Danny DeKeyser           2  1  3   1  0   6  1  4  1  0  0/0    21:51   1:28   4:27 
Erik Johnson             0  3  3   3  2   1  2  6  0  1  0/0    23:23   0:00   2:13 
Frans Nielsen            0  1  1   3  0   2  0  1  1  2  7/9    11:58   0:00   0:00 
Greg McKegg              0  0  0   0  0   0  0  0  0  0  0/0     0:00   0:00   0:00 
John Tavares             1  2  3   3  4   3  2  0  5  0  10/15  19:11   1:56   0:50 
Kyle Turris              0  1  1   0  0   1  2  0  2  1  14/18  19:50   1:52   5:00 
Marcus Kruger            0  1  1   0  0   1  1  1  2  1  0/0    17:46   0:00   4:54 
Matt Nieto               0  0  0   1  0   1  0  0  0  0  1/1    12:44   0:00   0:00 
Max Pacioretty           0  2  2   3  0   2  1  0  0  0  0/1    18:06   1:56   0:00 
Nick Bjugstad            0  0  0   1  2   0  1  0  0  0  1/1     9:21   0:00   1:35 
Oliver Ekman-Larsson     1  1  2   4  0   2  3  5  2  3  0/0    26:15   2:20   2:52 
Oscar Klefbom            0  0  0   2  0   1  1  0  0  1  0/0    12:33   0:00   0:39 
Ryan Murray              1  0  1   2  0   3  1  0  0  1  0/0    14:14   2:20   0:00 
Teemu Selanne            0  0  0   3  2   0  0  2  0  0  1/1    18:24   1:56   0:00 
Tyler Myers              1  0  1   1  0   2  2  1  1  0  0/0    21:51   1:28   4:27 
Wayne Simmonds           3  0  3   4  0   4  4  0  1  0  0/0    21:42   1:52   0:50 

3 Stars

1 - Wayne Simmonds (Wpg)
2 - Alex Ovechkin (Wpg)
3 - Oliver Ekman-Larsson (Wpg)

Power Play

Panthers - 1 on 5 Attempt(s) - 20.00%
Jets - 2 on 3 Attempt(s) - 66.67%

Penalty Kill

Panthers - 1 on 3 Attempt(s) - 33.33% - Score 0 goal in Penalty Kill
Jets - 4 on 5 Attempt(s) - 80.00% - Score 0 goal in Penalty Kill

Team Stat

Panthers - Hits : 20 - Faceoff Wins : 12 - Blocked Shots : 13 - Penalty Minutes : 6
Jets - Hits : 24 - Faceoff Wins : 34 - Blocked Shots : 20 - Penalty Minutes : 10

Official

Referees : Unknown
Linesman : Unknown

Game Notes

Cal Heeter enters game at 4:39 of 2nd period
Eddie Lack enters game at 19:13 of 2nd period
Wayne Simmonds has scored a Hat Trick!

Finance

Level 1 -- Attendance: 5912 (98.53%) -- Ticket Income $514,344
Level 2 -- Attendance: 3711 (74.22%) -- Ticket Income $218,949
Level 3 -- Attendance: 1411 (70.55%) -- Ticket Income $49,385
Level 4 -- Attendance: 2892 (72.30%) -- Ticket Income $57,840
Luxury Box -- Attendance: 970 (97.00%) -- Ticket Income $162,960
Game was played at the MTS Center'
Total Attendance: 14896 (82.76%)
Total Ticket Income: $1,003,478
Other Income: $491,704
Total Income: $1,495,182

Panthers

5 vs 5 Forward 
   Center                   Left Wing                Right Wing               Time % Phy DF OF 
 1 Shawn Horcoff            Mats Zuccarello          Brad Boyes               35     1   2  2  
 2 Andrei Loktionov         Dustin Penner            Jakob Silfverberg        30     1   2  2  
 3 Alex Galchenyuk          Nino Niederreiter        Joe Colborne             22     1   2  2  
 4 Shawn Horcoff            David Booth              Colin McDonald           13     1   2  2  

5 vs 5 Defense 
   Defense                  Defense                                           Time % Phy DF OF 
 1 Marco Scandella          Jake Gardiner                                     35     1   2  2  
 2 Jack Hillen              Paul Ranger                                       30     1   2  2  
 3 Calvin de Haan           Simon Despres                                     22     1   2  2  
 4 Adam Larsson             Marco Scandella                                   13     1   2  2  

PowerPlay Forward 
   Center                   Left Wing                Right Wing               Time % Phy DF OF 
 1 Shawn Horcoff            Mats Zuccarello          Brad Boyes               60     1   2  2  
 2 Alex Galchenyuk          Dustin Penner            Jakob Silfverberg        40     1   2  2  

PowerPlay Defense
   Defense                  Defense                                           Time % Phy DF OF 
 1 Marco Scandella          Jake Gardiner                                     60     1   2  2  
 2 Adam Larsson             Paul Ranger                                       40     1   2  2  

Penalty Kill 4 Players Forward 
   Center                   Wing                     Time % Phy DF OF 
 1 Shawn Horcoff            Brad Boyes               60     1   2  2  
 2 Mats Zuccarello          Dustin Penner            40     1   2  2  

Penalty Kill 4 Players Defense
   Defense                  Defense                  Time % Phy DF OF 
 1 Marco Scandella          Jake Gardiner            60     1   2  2  
 2 Calvin de Haan           Paul Ranger              40     1   2  2  

Penalty Kill - 3 Players Forward 
   Forward                                           Time % Phy DF OF 
 1 Shawn Horcoff                                     60     1   2  2  
 2 Brad Boyes                                        40     1   2  2  

Penalty Kill - 3 Players Defense
   Defense                  Defense                  Time % Phy DF OF 
 1 Simon Despres            Jake Gardiner            60     1   2  2  
 2 Adam Larsson             Paul Ranger              40     1   2  2  

4 vs 4 Forward 
   Center                   Wing                     Time % Phy DF OF 
 1 Shawn Horcoff            Brad Boyes               60     1   2  2  
 2 Mats Zuccarello          Dustin Penner            40     1   2  2  

4 vs 4 Defense
   Defense                  Defense                  Time % Phy DF OF 
 1 Calvin de Haan           Jake Gardiner            60     1   2  2  
 2 Marco Scandella          Paul Ranger              40     1   2  2  

Last Minutes Offensive
   Center                   Left Wing                Right Wing               Defense                  Defense                  
   Shawn Horcoff            Mats Zuccarello          Brad Boyes               Marco Scandella          Jake Gardiner            

Last Minutes Defensive
   Center                   Left Wing                Right Wing               Defense                  Defense                  
   Shawn Horcoff            Mats Zuccarello          Brad Boyes               Marco Scandella          Jake Gardiner            

Goaltenders
Starting : Eddie Lack               
Backup : Cal Heeter               

Extra Forwards
Normal : Alex Galchenyuk, Nino Niederreiter, Joe Colborne - PP : Alex Galchenyuk, Nino Niederreiter - PK : Joe Colborne
Extra Defensemen
Normal : Calvin de Haan, Simon Despres, Adam Larsson - PP : Calvin de Haan - PK : Simon Despres, Adam Larsson
Penalty Shots
Shawn Horcoff, Brad Boyes, Mats Zuccarello, Dustin Penner, Jakob Silfverberg

Jets

5 vs 5 Forward 
   Center                   Left Wing                Right Wing               Time % Phy DF OF 
 1 John Tavares             Max Pacioretty           Teemu Selanne            35     1   2  2  
 2 Frans Nielsen            Alex Ovechkin            Wayne Simmonds           30     1   2  2  
 3 Kyle Turris              Matt Nieto               Marcus Kruger            22     1   2  2  
 4 Nick Bjugstad            Colin Wilson             Wayne Simmonds           13     1   2  2  

5 vs 5 Defense 
   Defense                  Defense                                           Time % Phy DF OF 
 1 Oliver Ekman-Larsson     Erik Johnson                                      35     1   2  2  
 2 Tyler Myers              Danny DeKeyser                                    30     1   2  2  
 3 Ryan Murray              Oscar Klefbom                                     22     1   2  2  
 4 Oliver Ekman-Larsson     Erik Johnson                                      13     1   2  2  

PowerPlay Forward 
   Center                   Left Wing                Right Wing               Time % Phy DF OF 
 1 John Tavares             Max Pacioretty           Teemu Selanne            60     0   1  4  
 2 Kyle Turris              Alex Ovechkin            Wayne Simmonds           40     0   1  4  

PowerPlay Defense
   Defense                  Defense                                           Time % Phy DF OF 
 1 Oliver Ekman-Larsson     Ryan Murray                                       60     1   2  2  
 2 Tyler Myers              Danny DeKeyser                                    40     1   2  2  

Penalty Kill 4 Players Forward 
   Center                   Wing                     Time % Phy DF OF 
 1 Kyle Turris              Marcus Kruger            60     2   3  0  
 2 John Tavares             Wayne Simmonds           40     1   4  0  

Penalty Kill 4 Players Defense
   Defense                  Defense                  Time % Phy DF OF 
 1 Oliver Ekman-Larsson     Erik Johnson             60     1   3  1  
 2 Tyler Myers              Danny DeKeyser           40     2   2  1  

Penalty Kill - 3 Players Forward 
   Forward                                           Time % Phy DF OF 
 1 Marcus Kruger                                     60     2   3  0  
 2 Kyle Turris                                       40     1   4  0  

Penalty Kill - 3 Players Defense
   Defense                  Defense                  Time % Phy DF OF 
 1 Oliver Ekman-Larsson     Erik Johnson             60     1   4  0  
 2 Tyler Myers              Danny DeKeyser           40     1   4  0  

4 vs 4 Forward 
   Center                   Wing                     Time % Phy DF OF 
 1 Kyle Turris              Alex Ovechkin            60     1   2  2  
 2 John Tavares             Max Pacioretty           40     1   2  2  

4 vs 4 Defense
   Defense                  Defense                  Time % Phy DF OF 
 1 Oliver Ekman-Larsson     Ryan Murray              60     1   2  2  
 2 Tyler Myers              Danny DeKeyser           40     1   2  2  

Last Minutes Offensive
   Center                   Left Wing                Right Wing               Defense                  Defense                  
   Frans Nielsen            Alex Ovechkin            Teemu Selanne            Oliver Ekman-Larsson     Erik Johnson             

Last Minutes Defensive
   Center                   Left Wing                Right Wing               Defense                  Defense                  
   Frans Nielsen            Alex Ovechkin            Teemu Selanne            Oliver Ekman-Larsson     Erik Johnson             

Goaltenders
Starting : Tim Thomas               
Backup : Sergei Bobrovsky         

Extra Forwards
Normal : Kyle Turris, Marcus Kruger, Nick Bjugstad - PP : Kyle Turris, Marcus Kruger - PK : Nick Bjugstad
Extra Defensemen
Normal : Ryan Murray, Oscar Klefbom, Tyler Myers - PP : Ryan Murray - PK : Oscar Klefbom, Tyler Myers
Penalty Shots
Marcus Kruger, Alex Ovechkin, John Tavares, Max Pacioretty, Kyle Turris

% Time on Ice - Panthers

Lines # - Real PCT - Wanted PCT - Time Play
Normal Forward
1 - 29% - 35% - 14:01
2 - 33% - 30% - 16:13
3 - 26% - 22% - 12:30
4 - 13% - 13% - 6:09
Normal Defense
1 - 32% - 35% - 15:42
2 - 34% - 30% - 16:47
3 - 25% - 22% - 12:10
4 - 9% - 13% - 4:14
PP Forward
1 - 43% - 60% - 3:08
2 - 57% - 40% - 4:11
PP Defense
1 - 59% - 60% - 4:19
2 - 41% - 40% - 3:00
PK Forward
1 - 100% - 60% - 3:48
2 - 0% - 40% - 0:00
PK Defense
1 - 61% - 60% - 2:20
2 - 39% - 40% - 1:28
PK3 Forward
1 - 0% - 60%
2 - 0% - 40%
PK3 Defense
1 - 0% - 60%
2 - 0% - 40%
44 Forward
1 - 0% - 60%
2 - 0% - 40%
44 Defense
1 - 0% - 60%
2 - 0% - 40%
Last Minute Offensive  - 0:00
Last Minute Defensive  - 0:00
Total
Forward - 60:00
Defense - 60:00

% Time on Ice - Jets

Lines # - Real PCT - Wanted PCT - Time Play
Normal Forward
1 - 34% - 35% - 16:37
2 - 25% - 30% - 12:21
3 - 26% - 22% - 12:44
4 - 15% - 13% - 7:11
Normal Defense
1 - 35% - 35% - 17:16
2 - 33% - 30% - 15:56
3 - 24% - 22% - 11:54
4 - 8% - 13% - 3:47
PP Forward
1 - 51% - 60% - 1:56
2 - 49% - 40% - 1:52
PP Defense
1 - 61% - 60% - 2:20
2 - 39% - 40% - 1:28
PK Forward
1 - 89% - 60% - 6:29
2 - 11% - 40% - 0:50
PK Defense
1 - 39% - 60% - 2:52
2 - 61% - 40% - 4:27
PK3 Forward
1 - 0% - 60%
2 - 0% - 40%
PK3 Defense
1 - 0% - 60%
2 - 0% - 40%
44 Forward
1 - 0% - 60%
2 - 0% - 40%
44 Defense
1 - 0% - 60%
2 - 0% - 40%
Last Minute Offensive  - 0:00
Last Minute Defensive  - 0:00
Total
Forward - 60:00
Defense - 60:00

Play by Play

1st period


0:01 of 1st period - Shawn Horcoff wins face-off versus John Tavares in neutral zone.
0:08 of 1st period - Slapshot by Jake Gardiner.
0:08 of 1st period - Shot Blocked by Erik Johnson.
0:28 of 1st period - Jake Gardiner is hit by John Tavares and loses puck.
0:51 of 1st period - Wrist shot by Alex Ovechkin.
0:51 of 1st period - Stopped by Eddie Lack with a rebound.
0:53 of 1st period - Wrist shot by Frans Nielsen.
0:53 of 1st period - Stopped by Eddie Lack with a rebound.
0:55 of 1st period - Slapshot by Tyler Myers.
0:55 of 1st period - Shot Blocked by Marco Scandella.
0:57 of 1st period - Slapshot by Danny DeKeyser.
0:57 of 1st period - Deflect By Marco Scandella.
0:57 of 1st period - Stopped by Eddie Lack with a rebound.
0:59 of 1st period - Slapshot by Tyler Myers.
0:59 of 1st period - Shot Blocked by Marco Scandella.
1:01 of 1st period - Wrist shot by Wayne Simmonds.
1:01 of 1st period - Shot Misses the Net.
1:03 of 1st period - Slapshot by Danny DeKeyser.
1:03 of 1st period - Shot Misses the Net.
1:05 of 1st period - Snap shot by Tyler Myers.
1:05 of 1st period - Stopped by Eddie Lack with a rebound.
1:34 of 1st period - Snap shot by Marcus Kruger.
1:34 of 1st period - Shot Blocked by Jake Gardiner.
1:36 of 1st period - Snap shot by Kyle Turris.
1:36 of 1st period - Stopped by Eddie Lack with a rebound.
1:38 of 1st period - Slapshot by Tyler Myers.
1:38 of 1st period - Goal by Tyler Myers - Panthers : 0 - Jets : 1.
1:39 of 1st period - Kyle Turris wins face-off versus Alex Galchenyuk in neutral zone.
2:34 of 1st period - Paul Ranger is hit by Nick Bjugstad and loses puck.
2:41 of 1st period - Erik Johnson is hit by Paul Ranger.
3:22 of 1st period - Andrei Loktionov is hit by Oliver Ekman-Larsson and loses puck.
3:39 of 1st period - Snap shot by John Tavares.
3:39 of 1st period - Stopped by Eddie Lack with a rebound.
3:41 of 1st period - Snap shot by Danny DeKeyser.
3:41 of 1st period - Deflect By Simon Despres.
3:41 of 1st period - Goal by Danny DeKeyser - Panthers : 0 - Jets : 2.
3:42 of 1st period - Alex Galchenyuk wins face-off versus Frans Nielsen in neutral zone.
3:47 of 1st period - Snap shot by Joe Colborne.
3:47 of 1st period - Stopped by Tim Thomas with a rebound.
3:49 of 1st period - Slapshot by Adam Larsson.
3:49 of 1st period - Deflect By Joe Colborne.
3:49 of 1st period - Shot Blocked by Frans Nielsen.
3:49 of 1st period - Puck is out of play.
3:50 of 1st period - Frans Nielsen wins face-off versus Alex Galchenyuk in Jets zone.
4:03 of 1st period - Wrist shot by Nino Niederreiter.
4:03 of 1st period - Shot Hit the Post.
4:05 of 1st period - Slapshot by Adam Larsson.
4:05 of 1st period - Shot Blocked by Tyler Myers.
4:07 of 1st period - Snap shot by Nino Niederreiter.
4:07 of 1st period - Stopped by Tim Thomas with a rebound.
4:15 of 1st period - Adam Larsson is hit by Tyler Myers and loses puck.
4:43 of 1st period - Tyler Myers is hit by Marco Scandella and loses puck.
4:57 of 1st period - Oliver Ekman-Larsson is hit by Brad Boyes.
5:08 of 1st period - Oscar Klefbom is hit by Mats Zuccarello and loses puck.
6:11 of 1st period - Erik Johnson is hit by David Booth and loses puck.
6:41 of 1st period - Snap shot by Alex Galchenyuk.
6:41 of 1st period - Shot Misses the Net.
6:48 of 1st period - Minor Penalty to Nick Bjugstad for Hooking.
6:49 of 1st period - Kyle Turris wins face-off versus Shawn Horcoff in Jets zone.
7:13 of 1st period - Slapshot by Marcus Kruger.
7:13 of 1st period - Stopped by Eddie Lack with a rebound.
7:32 of 1st period - Wrist shot by Jake Gardiner.
7:32 of 1st period - Stopped by Tim Thomas with a rebound.
7:34 of 1st period - Slapshot by Paul Ranger.
7:34 of 1st period - Deflect By Dustin Penner.
7:34 of 1st period - Shot Misses the Net.
7:34 of 1st period - Puck is out of play.
7:35 of 1st period - Kyle Turris wins face-off versus Alex Galchenyuk in Jets zone.
8:02 of 1st period - Snap shot by Jakob Silfverberg.
8:02 of 1st period - Shot Blocked by Erik Johnson.
8:38 of 1st period - Danny DeKeyser is hit by Paul Ranger and loses puck.
8:48 of 1st period - Penalty to Nick Bjugstad is over, Nick Bjugstad is back on ice.
9:52 of 1st period - Shawn Horcoff is hit by Wayne Simmonds and loses puck.
10:54 of 1st period - Icing by Calvin de Haan.
10:55 of 1st period - Kyle Turris wins face-off versus Shawn Horcoff in Panthers zone.
11:06 of 1st period - Snap shot by Kyle Turris.
11:06 of 1st period - Shot Misses the Net.
12:16 of 1st period - Snap shot by Nick Bjugstad.
12:16 of 1st period - Shot Misses the Net.
12:25 of 1st period - Minor Penalty to Erik Johnson for Hooking.
12:26 of 1st period - Kyle Turris wins face-off versus Alex Galchenyuk in Jets zone.
12:36 of 1st period - Kyle Turris is hit by Dustin Penner.
12:48 of 1st period - Kyle Turris is hit by Jakob Silfverberg and loses puck.
13:55 of 1st period - Wrist shot by Mats Zuccarello.
13:55 of 1st period - Stopped by Tim Thomas with a rebound.
14:07 of 1st period - Snap shot by Alex Galchenyuk.
14:07 of 1st period - Stopped by Tim Thomas with a rebound.
14:09 of 1st period - Slapshot by Marco Scandella.
14:09 of 1st period - Shot Misses the Net.
14:25 of 1st period - Penalty to Erik Johnson is over, Erik Johnson is back on ice.
14:32 of 1st period - Snap shot by Joe Colborne.
14:32 of 1st period - Goal by Joe Colborne - Panthers : 1 - Jets : 2.
14:33 of 1st period - John Tavares wins face-off versus Alex Galchenyuk in neutral zone.
14:47 of 1st period - Slapshot by Oliver Ekman-Larsson.
14:47 of 1st period - Deflect By Max Pacioretty.
14:47 of 1st period - Shot Blocked by Paul Ranger.
14:47 of 1st period - Puck is out of play.
14:48 of 1st period - Nino Niederreiter wins face-off versus John Tavares in Panthers zone.
15:46 of 1st period - Slapshot by Alex Ovechkin.
15:46 of 1st period - Stopped by Eddie Lack with a rebound.
15:48 of 1st period - Wrist shot by Ryan Murray.
15:48 of 1st period - Goal by Ryan Murray - Panthers : 1 - Jets : 3.
15:49 of 1st period - Kyle Turris wins face-off versus Andrei Loktionov in neutral zone.
15:59 of 1st period - Off-side.
16:00 of 1st period - Kyle Turris wins face-off versus Andrei Loktionov in neutral zone.
16:55 of 1st period - Paul Ranger is hit by Alex Ovechkin and loses puck.
18:14 of 1st period - Wrist shot by Max Pacioretty.
18:14 of 1st period - Stopped by Eddie Lack with a rebound.
18:16 of 1st period - Snap shot by Danny DeKeyser.
18:16 of 1st period - Shot Blocked by Paul Ranger.
18:18 of 1st period - Wrist shot by Max Pacioretty.
18:18 of 1st period - Stopped by Eddie Lack without a rebound.
18:19 of 1st period - John Tavares wins face-off versus Alex Galchenyuk in Panthers zone.
18:30 of 1st period - Snap shot by John Tavares.
18:30 of 1st period - Shot Misses the Net.
19:13 of 1st period - Mats Zuccarello is hit by Danny DeKeyser and loses puck.
Goals for this period are 1 for Panthers vs 3 for Jets.
Shots for this period are 6 for Panthers vs 13 for Jets.

2nd period


0:01 of 2nd period - Shawn Horcoff wins face-off versus John Tavares in neutral zone.
0:08 of 2nd period - Snap shot by Brad Boyes.
0:08 of 2nd period - Shot Blocked by Erik Johnson.
0:10 of 2nd period - Snap shot by Shawn Horcoff.
0:10 of 2nd period - Shot Blocked by Erik Johnson.
0:12 of 2nd period - Snap shot by Shawn Horcoff.
0:12 of 2nd period - Shot Blocked by Teemu Selanne.
0:14 of 2nd period - Wrist shot by Marco Scandella.
0:14 of 2nd period - Stopped by Tim Thomas with a rebound.
0:16 of 2nd period - Backhand shot by Marco Scandella.
0:16 of 2nd period - Stopped by Tim Thomas with a rebound.
0:18 of 2nd period - Slapshot by Marco Scandella.
0:18 of 2nd period - Shot Blocked by Oliver Ekman-Larsson.
0:20 of 2nd period - Snap shot by Marco Scandella.
0:20 of 2nd period - Shot Misses the Net.
0:22 of 2nd period - Slapshot by Jake Gardiner.
0:22 of 2nd period - Stopped by Tim Thomas without a rebound.
0:23 of 2nd period - Frans Nielsen wins face-off versus Andrei Loktionov in Jets zone.
0:44 of 2nd period - Wrist shot by Alex Ovechkin.
0:44 of 2nd period - Shot Blocked by Paul Ranger.
0:46 of 2nd period - Slapshot by Danny DeKeyser.
0:46 of 2nd period - Stopped by Eddie Lack with a rebound.
0:48 of 2nd period - Slapshot by Danny DeKeyser.
0:48 of 2nd period - Stopped by Eddie Lack with a rebound.
1:24 of 2nd period - Wrist shot by Mats Zuccarello.
1:24 of 2nd period - Shot Misses the Net.
1:40 of 2nd period - Snap shot by Brad Boyes.
1:40 of 2nd period - Shot Misses the Net.
1:42 of 2nd period - Wrist shot by Marco Scandella.
1:42 of 2nd period - Shot Misses the Net.
1:44 of 2nd period - Wrist shot by Shawn Horcoff.
1:44 of 2nd period - Shot Misses the Net.
1:52 of 2nd period - Minor Penalty to John Tavares for Elbowing.
1:53 of 2nd period - Kyle Turris wins face-off versus Alex Galchenyuk in Jets zone.
2:12 of 2nd period - Slapshot by Alex Galchenyuk.
2:12 of 2nd period - Goal by Alex Galchenyuk - Panthers : 2 - Jets : 3.
2:13 of 2nd period - Frans Nielsen wins face-off versus Shawn Horcoff in neutral zone.
2:30 of 2nd period - Slapshot by Wayne Simmonds.
2:30 of 2nd period - Shot Misses the Net.
2:59 of 2nd period - Icing by Paul Ranger.
3:00 of 2nd period - John Tavares wins face-off versus Andrei Loktionov in Panthers zone.
4:08 of 2nd period - Simon Despres is hit by Kyle Turris and loses puck.
4:39 of 2nd period - Snap shot by Wayne Simmonds.
4:39 of 2nd period - Goal by Wayne Simmonds - Panthers : 2 - Jets : 4.
4:39 of 2nd period - Cal Heeter enters game.
4:40 of 2nd period - Frans Nielsen wins face-off versus Shawn Horcoff in neutral zone.
5:01 of 2nd period - Snap shot by Brad Boyes.
5:01 of 2nd period - Stopped by Tim Thomas with a rebound.
6:07 of 2nd period - Marco Scandella is hit by Max Pacioretty and loses puck.
6:26 of 2nd period - Snap shot by Alex Galchenyuk.
6:26 of 2nd period - Shot Blocked by Teemu Selanne.
6:28 of 2nd period - Snap shot by Calvin de Haan.
6:28 of 2nd period - Stopped by Tim Thomas with a rebound.
6:30 of 2nd period - Slapshot by Nino Niederreiter.
6:30 of 2nd period - Shot Misses the Net.
6:52 of 2nd period - Wrist shot by Colin McDonald.
6:52 of 2nd period - Stopped by Tim Thomas with a rebound.
7:05 of 2nd period - Snap shot by David Booth.
7:05 of 2nd period - Shot Blocked by Oliver Ekman-Larsson.
7:07 of 2nd period - Backhand shot by Jake Gardiner.
7:07 of 2nd period - Deflect By David Booth.
7:07 of 2nd period - Shot Misses the Net.
7:07 of 2nd period - Puck is out of play.
7:08 of 2nd period - Shawn Horcoff wins face-off versus Kyle Turris in Jets zone.
7:14 of 2nd period - Off-side.
7:15 of 2nd period - Kyle Turris wins face-off versus Shawn Horcoff in neutral zone.
7:18 of 2nd period - Snap shot by Matt Nieto.
7:18 of 2nd period - Deflect By Kyle Turris.
7:18 of 2nd period - Shot Blocked by Jake Gardiner.
7:18 of 2nd period - Puck is out of play.
7:19 of 2nd period - Shawn Horcoff wins face-off versus Kyle Turris in Panthers zone.
7:36 of 2nd period - Matt Nieto is hit by Brad Boyes and loses puck.
7:47 of 2nd period - Backhand shot by Kyle Turris.
7:47 of 2nd period - Deflect By Mats Zuccarello.
7:47 of 2nd period - Shot Misses the Net.
7:47 of 2nd period - Puck is out of play.
7:48 of 2nd period - Andrei Loktionov wins face-off versus Frans Nielsen in Panthers zone.
8:10 of 2nd period - Minor Penalty to Paul Ranger for Cross-checking.
8:11 of 2nd period - Shawn Horcoff wins face-off versus Kyle Turris in Panthers zone.
8:21 of 2nd period - Wrist shot by Alex Ovechkin.
8:21 of 2nd period - Shot Blocked by Jake Gardiner.
8:23 of 2nd period - Slapshot by Danny DeKeyser.
8:23 of 2nd period - Goal by Danny DeKeyser - Panthers : 2 - Jets : 5.
8:24 of 2nd period - Frans Nielsen wins face-off versus Andrei Loktionov in neutral zone.
8:33 of 2nd period - Snap shot by Frans Nielsen.
8:33 of 2nd period - Stopped by Cal Heeter with a rebound.
8:35 of 2nd period - Slapshot by Oliver Ekman-Larsson.
8:35 of 2nd period - Shot Misses the Net.
8:37 of 2nd period - Slapshot by Frans Nielsen.
8:37 of 2nd period - Shot Misses the Net.
8:39 of 2nd period - Wrist shot by Frans Nielsen.
8:39 of 2nd period - Shot Misses the Net.
8:41 of 2nd period - Snap shot by Erik Johnson.
8:41 of 2nd period - Shot Misses the Net.
8:43 of 2nd period - Slapshot by Alex Ovechkin.
8:43 of 2nd period - Goal by Alex Ovechkin - Panthers : 2 - Jets : 6.
8:44 of 2nd period - Shawn Horcoff wins face-off versus John Tavares in neutral zone.
9:50 of 2nd period - Jakob Silfverberg is hit by Wayne Simmonds and loses puck.
10:09 of 2nd period - Andrei Loktionov is hit by Erik Johnson and loses puck.
10:32 of 2nd period - Snap shot by Kyle Turris.
10:32 of 2nd period - Shot Misses the Net.
10:34 of 2nd period - Slapshot by Ryan Murray.
10:34 of 2nd period - Shot Misses the Net.
10:36 of 2nd period - Wrist shot by Marcus Kruger.
10:36 of 2nd period - Shot Misses the Net.
11:06 of 2nd period - Andrei Loktionov is hit by Ryan Murray and loses puck.
11:36 of 2nd period - Jack Hillen is hit by Tyler Myers and loses puck.
12:34 of 2nd period - Erik Johnson is hit by Joe Colborne and loses puck.
13:01 of 2nd period - Max Pacioretty is hit by Mats Zuccarello and loses puck.
13:38 of 2nd period - Snap shot by Ryan Murray.
13:38 of 2nd period - Stopped by Cal Heeter with a rebound.
14:19 of 2nd period - Wrist shot by Alex Ovechkin.
14:19 of 2nd period - Shot Misses the Net.
14:21 of 2nd period - Backhand shot by Erik Johnson.
14:21 of 2nd period - Shot Misses the Net.
14:23 of 2nd period - Snap shot by Wayne Simmonds.
14:23 of 2nd period - Goal by Wayne Simmonds - Panthers : 2 - Jets : 7.
14:24 of 2nd period - John Tavares wins face-off versus Nino Niederreiter in neutral zone.
14:30 of 2nd period - Icing by Simon Despres.
14:31 of 2nd period - John Tavares wins face-off versus Alex Galchenyuk in Panthers zone.
14:43 of 2nd period - Calvin de Haan is hit by Erik Johnson and loses puck.
14:50 of 2nd period - Snap shot by Nino Niederreiter.
14:50 of 2nd period - Deflect By Alex Galchenyuk.
14:50 of 2nd period - Shot Blocked by Erik Johnson.
14:50 of 2nd period - Puck is out of play.
14:51 of 2nd period - Kyle Turris wins face-off versus Shawn Horcoff in Jets zone.
15:10 of 2nd period - Snap shot by Mats Zuccarello.
15:10 of 2nd period - Shot Blocked by Marcus Kruger.
15:12 of 2nd period - Snap shot by Adam Larsson.
15:12 of 2nd period - Shot Misses the Net.
15:14 of 2nd period - Snap shot by Brad Boyes.
15:14 of 2nd period - Stopped by Tim Thomas with a rebound.
15:36 of 2nd period - Wrist shot by Nino Niederreiter.
15:36 of 2nd period - Shot Misses the Net.
15:38 of 2nd period - Snap shot by Calvin de Haan.
15:38 of 2nd period - Shot Blocked by Danny DeKeyser.
15:40 of 2nd period - Snap shot by Calvin de Haan.
15:40 of 2nd period - Stopped by Tim Thomas with a rebound.
15:42 of 2nd period - Slapshot by Calvin de Haan.
15:42 of 2nd period - Shot Blocked by Danny DeKeyser.
15:52 of 2nd period - Minor Penalty to Simon Despres for Roughing.
15:53 of 2nd period - Teemu Selanne wins face-off versus Shawn Horcoff in Panthers zone.
16:40 of 2nd period - Alex Ovechkin is hit by Jake Gardiner and loses puck.
16:51 of 2nd period - Calvin de Haan is hit by Alex Ovechkin and loses puck.
17:52 of 2nd period - Penalty to Simon Despres is over, Simon Despres is back on ice.
18:04 of 2nd period - Simon Despres is hit by Colin Wilson and loses puck.
18:33 of 2nd period - Andrei Loktionov is hit by Oliver Ekman-Larsson and loses puck.
18:55 of 2nd period - Slapshot by Jakob Silfverberg.
18:55 of 2nd period - Shot Misses the Net.
18:57 of 2nd period - Snap shot by Jakob Silfverberg.
18:57 of 2nd period - Stopped by Tim Thomas with a rebound.
18:59 of 2nd period - Slapshot by Calvin de Haan.
18:59 of 2nd period - Shot Blocked by Oliver Ekman-Larsson.
19:01 of 2nd period - Snap shot by Jakob Silfverberg.
19:01 of 2nd period - Stopped by Tim Thomas without a rebound.
19:02 of 2nd period - John Tavares wins face-off versus Alex Galchenyuk in Jets zone.
19:13 of 2nd period - Slapshot by John Tavares.
19:13 of 2nd period - Goal by John Tavares - Panthers : 2 - Jets : 8.
19:13 of 2nd period - Eddie Lack enters game.
19:14 of 2nd period - Andrei Loktionov wins face-off versus Max Pacioretty in neutral zone.
19:23 of 2nd period - Snap shot by Andrei Loktionov.
19:23 of 2nd period - Stopped by Tim Thomas with a rebound.
19:25 of 2nd period - Snap shot by Dustin Penner.
19:25 of 2nd period - Stopped by Tim Thomas with a rebound.
19:41 of 2nd period - Snap shot by Andrei Loktionov.
19:41 of 2nd period - Stopped by Tim Thomas with a rebound.
19:43 of 2nd period - Snap shot by Jakob Silfverberg.
19:43 of 2nd period - Stopped by Tim Thomas with a rebound.
19:45 of 2nd period - Slapshot by Simon Despres.
19:45 of 2nd period - Stopped by Tim Thomas without a rebound.
19:46 of 2nd period - Frans Nielsen wins face-off versus Alex Galchenyuk in Jets zone.
19:53 of 2nd period - Snap shot by Alex Ovechkin.
19:53 of 2nd period - Shot Misses the Net.
19:55 of 2nd period - Slapshot by Ryan Murray.
19:55 of 2nd period - Stopped by Eddie Lack with a rebound.
19:57 of 2nd period - Snap shot by Wayne Simmonds.
19:57 of 2nd period - Shot Misses the Net.
19:59 of 2nd period - Snap shot by Oscar Klefbom.
19:59 of 2nd period - Shot Blocked by Jake Gardiner.
Goals for this period are 1 for Panthers vs 5 for Jets.
Shots for this period are 16 for Panthers vs 10 for Jets.

3rd period


0:01 of 3rd period - Frans Nielsen wins face-off versus Shawn Horcoff in neutral zone.
0:16 of 3rd period - Wrist shot by Alex Ovechkin.
0:16 of 3rd period - Stopped by Eddie Lack with a rebound.
1:11 of 3rd period - Snap shot by Dustin Penner.
1:11 of 3rd period - Shot Blocked by Oliver Ekman-Larsson.
1:13 of 3rd period - Slapshot by Jack Hillen.
1:13 of 3rd period - Shot Blocked by Oliver Ekman-Larsson.
1:15 of 3rd period - Slapshot by Jack Hillen.
1:15 of 3rd period - Stopped by Tim Thomas without a rebound.
1:16 of 3rd period - Matt Nieto wins face-off versus Alex Galchenyuk in Jets zone.
1:35 of 3rd period - Wrist shot by Kyle Turris.
1:35 of 3rd period - Shot Misses the Net.
1:41 of 3rd period - Alex Galchenyuk is hit by Oscar Klefbom and loses puck.
2:18 of 3rd period - Tyler Myers is hit by Colin McDonald.
3:14 of 3rd period - Danny DeKeyser is hit by Jack Hillen.
3:34 of 3rd period - Tyler Myers is hit by Andrei Loktionov and loses puck.
3:51 of 3rd period - Paul Ranger is hit by John Tavares.
3:57 of 3rd period - Snap shot by Mats Zuccarello.
3:57 of 3rd period - Shot Blocked by Danny DeKeyser.
4:29 of 3rd period - Snap shot by Alex Ovechkin.
4:29 of 3rd period - Stopped by Eddie Lack with a rebound.
4:51 of 3rd period - Erik Johnson is hit by Dustin Penner and loses puck.
5:15 of 3rd period - Jack Hillen is hit by Kyle Turris and loses puck.
6:16 of 3rd period - Colin McDonald is hit by Marcus Kruger and loses puck.
6:45 of 3rd period - Slapshot by Jakob Silfverberg.
6:45 of 3rd period - Stopped by Tim Thomas without a rebound.
6:46 of 3rd period - John Tavares wins face-off versus Andrei Loktionov in Jets zone.
6:48 of 3rd period - Minor Penalty to Teemu Selanne for Hooking.
6:49 of 3rd period - Kyle Turris wins face-off versus Shawn Horcoff in Jets zone.
7:28 of 3rd period - Marcus Kruger is hit by Dustin Penner and loses puck.
8:48 of 3rd period - Penalty to Teemu Selanne is over, Teemu Selanne is back on ice.
9:36 of 3rd period - Wrist shot by John Tavares.
9:36 of 3rd period - Shot Blocked by Marco Scandella.
9:38 of 3rd period - Slapshot by Oscar Klefbom.
9:38 of 3rd period - Deflect By Marco Scandella.
9:38 of 3rd period - Stopped by Eddie Lack with a rebound.
10:16 of 3rd period - Off-side.
10:17 of 3rd period - Nick Bjugstad wins face-off versus Shawn Horcoff in neutral zone.
10:34 of 3rd period - Snap shot by John Tavares.
10:34 of 3rd period - Stopped by Eddie Lack with a rebound.
10:36 of 3rd period - Slapshot by Tyler Myers.
10:36 of 3rd period - Shot Misses the Net.
11:44 of 3rd period - Minor Penalty to Paul Ranger for Slashing.
11:45 of 3rd period - John Tavares wins face-off versus Joe Colborne in Panthers zone.
12:49 of 3rd period - Ryan Murray is hit by Joe Colborne.
13:11 of 3rd period - Calvin de Haan is hit by Wayne Simmonds and loses puck.
13:16 of 3rd period - Snap shot by Alex Ovechkin.
13:16 of 3rd period - Shot Misses the Net.
13:18 of 3rd period - Slapshot by Danny DeKeyser.
13:18 of 3rd period - Stopped by Eddie Lack with a rebound.
13:20 of 3rd period - Wrist shot by Wayne Simmonds.
13:20 of 3rd period - Goal by Wayne Simmonds - Panthers : 2 - Jets : 9.
13:21 of 3rd period - Kyle Turris wins face-off versus Andrei Loktionov in neutral zone.
13:48 of 3rd period - Snap shot by Matt Nieto.
13:48 of 3rd period - Shot Misses the Net.
14:10 of 3rd period - Slapshot by Alex Galchenyuk.
14:10 of 3rd period - Shot Misses the Net.
14:12 of 3rd period - Snap shot by Alex Galchenyuk.
14:12 of 3rd period - Shot Blocked by Danny DeKeyser.
14:14 of 3rd period - Slapshot by Simon Despres.
14:14 of 3rd period - Stopped by Tim Thomas without a rebound.
14:15 of 3rd period - John Tavares wins face-off versus Alex Galchenyuk in Jets zone.
15:00 of 3rd period - Simon Despres is hit by Oliver Ekman-Larsson and loses puck.
15:05 of 3rd period - Snap shot by Wayne Simmonds.
15:05 of 3rd period - Stopped by Eddie Lack with a rebound.
15:07 of 3rd period - Wrist shot by Nick Bjugstad.
15:07 of 3rd period - Shot Blocked by Calvin de Haan.
15:23 of 3rd period - Marco Scandella is hit by Wayne Simmonds and loses puck.
15:57 of 3rd period - Wrist shot by Jake Gardiner.
15:57 of 3rd period - Deflect By Marcus Kruger.
15:57 of 3rd period - Stopped by Tim Thomas without a rebound.
15:58 of 3rd period - Kyle Turris wins face-off versus Shawn Horcoff in Jets zone.
16:13 of 3rd period - Snap shot by Matt Nieto.
16:13 of 3rd period - Stopped by Eddie Lack with a rebound.
16:15 of 3rd period - Snap shot by Marcus Kruger.
16:15 of 3rd period - Shot Blocked by Jack Hillen.
16:17 of 3rd period - Snap shot by Danny DeKeyser.
16:17 of 3rd period - Shot Blocked by Paul Ranger.
16:38 of 3rd period - Icing by Jack Hillen.
16:39 of 3rd period - Shawn Horcoff wins face-off versus John Tavares in Panthers zone.
17:04 of 3rd period - Snap shot by John Tavares.
17:04 of 3rd period - Shot Misses the Net.
17:06 of 3rd period - Wrist shot by Erik Johnson.
17:06 of 3rd period - Stopped by Eddie Lack with a rebound.
17:08 of 3rd period - Slapshot by Oliver Ekman-Larsson.
17:08 of 3rd period - Stopped by Eddie Lack with a rebound.
17:10 of 3rd period - Snap shot by Oliver Ekman-Larsson.
17:10 of 3rd period - Goal by Oliver Ekman-Larsson - Panthers : 2 - Jets : 10.
17:11 of 3rd period - Andrei Loktionov wins face-off versus Kyle Turris in neutral zone.
17:14 of 3rd period - Slapshot by Jake Gardiner.
17:14 of 3rd period - Shot Misses the Net.
17:30 of 3rd period - Wrist shot by Dustin Penner.
17:30 of 3rd period - Shot Blocked by Erik Johnson.
18:29 of 3rd period - Wrist shot by Alex Galchenyuk.
18:29 of 3rd period - Shot Misses the Net.
18:31 of 3rd period - Slapshot by Simon Despres.
18:31 of 3rd period - Shot Misses the Net.
18:33 of 3rd period - Slapshot by Calvin de Haan.
18:33 of 3rd period - Stopped by Tim Thomas with a rebound.
18:35 of 3rd period - Snap shot by Calvin de Haan.
18:35 of 3rd period - Stopped by Tim Thomas without a rebound.
18:36 of 3rd period - John Tavares wins face-off versus Mats Zuccarello in Jets zone.
18:36 of 3rd period - John Tavares is hit by Paul Ranger.
18:57 of 3rd period - Minor Penalty to John Tavares for Holding.
18:58 of 3rd period - Kyle Turris wins face-off versus Shawn Horcoff in Jets zone.
19:50 of 3rd period - Kyle Turris is hit by Dustin Penner and loses puck.
Goals for this period are 0 for Panthers vs 2 for Jets.
Shots for this period are 6 for Panthers vs 11 for Jets.


Output by the SimonT Hockey Simulator (STHS) for Eric Dolegowski -- Original Page W3C XHTML 1.0 Valid
Hockey Simulator - Hockey Simulation - Hockey Manager